AoeStats
← Jinjitis

Arena

508938766Analyzed
2v2 RM · 8d ago on Sep 24, 2026· 55m 46s· 4 players
Game mode
Random Map
Map size
Medium (4 player)
Population
200
Speed
Normal
Resources
Standard
Victory
Conquest
Starting age
Dark Age
Ending age
Imperial Age
RankedLock teamsTeams togetherTeam positionsShared explorationLock speedFull tech treeHidden civsTurbo modeCheats
Victory
Defeat
🇲🇽 Turks · Mexico
1300
+14
🇩🇪 Italians · Germany
1235
+16
🇨🇭 Romans · Switzerland
1293
-17
🇨🇭 Persians · Switzerland
1206
-13
Moonz
11:17 Feudal Age
15:12 Castle Age
13:25 Double-Bit Axe
13:46 Horse Collar
21:23 Wheelbarrow
23:11 Hand Cart
22:47 Loom
24:36 Padded Archer Armor
25:40 Town Watch
26:44 Bow Saw
27:08 Gold Mining
27:31 Stone Mining
30:30 Imperial Age
28:06 Heavy Plow
31:26 Ballistics
31:37 Conscription
31:27 Heavy Scorpion
33:07 Siege Engineers
34:06 Chemistry
35:51 Forging
35:41 Scale Mail Armor
35:07 Man-at-Arms
35:50 Squires
35:48 Capped Ram
36:13 Long Swordsman
37:34 Iron Casting
37:24 Ballistas
37:36 Legionary
42:08 Siege Ram
45:24 Chain Mail Armor
46:10 Blast Furnace
Jinjitis
10:40 Feudal Age
14:29 Castle Age
15:17 Double-Bit Axe
20:52 Wheelbarrow
20:32 Horse Collar
22:30 Heavy Plow
23:55 Bow Saw
23:55 Gold Mining
24:33 Stone Mining
25:16 Hand Cart
30:31 Imperial Age
27:53 Loom
28:35 Husbandry
29:25 Scale Barding Armor
29:32 Forging
30:27 Bloodlines
30:35 Town Watch
30:20 Cavalier
31:22 Chain Barding Armor
31:38 Iron Casting
31:37 Fletching
32:21 Conscription
32:39 Hoardings
33:32 Plate Barding Armor
33:04 Savar
37:39 Blast Furnace
44:56 Fletching
46:06 Scale Mail Armor
46:01 Bodkin Arrow
47:00 Squires
47:28 Pikeman
48:17 Halberdier
49:13 Chain Mail Armor
Jovac
10:42 Feudal Age
12:31 Loom
15:06 Castle Age
13:44 Double-Bit Axe
13:40 Horse Collar
14:45 Stone Mining
18:31 Loom
21:01 Bow Saw
21:58 Wheelbarrow
21:59 Heavy Plow
28:30 Imperial Age
26:23 Scale Barding Armor
27:28 Chain Barding Armor
28:10 Forging
28:41 Bloodlines
29:46 Plate Barding Armor
29:39 Conscription
30:17 Iron Casting
33:48 Blast Furnace
35:43 Husbandry
37:42 Heavy Camel Rider
45:59 Two-Man Saw
MeiHam
10:33 Feudal Age
14:54 Castle Age
14:56 Double-Bit Axe
17:05 Bow Saw
24:32 Horse Collar
26:43 Wheelbarrow
30:36 Imperial Age
29:09 Gold Mining
29:15 Fletching
29:18 Heated Shot
29:54 Ballistics
30:28 Hand Cart
30:00 Town Watch
30:19 Bodkin Arrow
31:21 Bracer
32:23 Chemistry
32:26 Conscription
33:14 Padded Archer Armor
33:50 Masonry
35:36 Architecture
35:07 Elite Genoese Crossbowman
37:02 Leather Archer Armor
36:42 Loom
36:58 Town Patrol
40:20 Ring Archer Armor
40:29 Scale Mail Armor
40:36 Murder Holes
42:29 Squires
42:45 Chain Mail Armor
42:41 Forging
44:45 Two-Man Saw
45:03 Iron Casting
45:00 Plate Mail Armor
46:53 Pirotechnia
47:33 Thumb Ring
49:45 Blast Furnace
Connection lost

Rejoining the realm…

Still unreachable

The connection could not be restored.

Session expired

The server has moved on; the page needs a fresh start.